AoeStats
← Lord Laggington

Arabia

515239331Analyzed
2v2 RM · 7d ago on Oct 21, 2026· 72m 45s· 4 players
Game mode
Random Map
Map size
Medium (4 player)
Population
200
Speed
Normal
Resources
Standard
Victory
Conquest
Starting age
Dark Age
Ending age
Imperial Age
RankedLock teamsTeams togetherTeam positionsShared explorationLock speedFull tech treeHidden civsTurbo modeCheats
Victory
Defeat
🇳🇱 Danes · Netherlands
943
+19
🇫🇷 Mongols · France
941
+19
vs
🇩🇪 Vikings · Germany
1018
-19
🇩🇪 Cumans · Germany
1009
-19
Mr Brown
8:10 Loom
9:55 Feudal Age
15:21 Castle Age
14:13 Horse Collar
15:15 Double-Bit Axe
18:26 Forging
19:23 Scale Mail Armor
19:53 Bloodlines
23:29 Scale Barding Armor
26:37 Stone Mining
27:50 Iron Casting
27:50 Husbandry
30:36 Gold Mining
30:52 Heavy Plow
32:20 Wheelbarrow
39:51 Hand Cart
42:01 Bow Saw
43:27 Fletching
46:49 Imperial Age
44:06 Town Watch
45:43 Ballistics
45:21 Bodkin Arrow
45:27 Padded Archer Armor
46:05 Light Cavalry
47:09 Chain Barding Armor
48:35 Conscription
49:09 Gold Shaft Mining
50:14 Bracer
50:30 Leather Archer Armor
49:40 Hussar
51:37 Conscription
52:21 Stone Shaft Mining
54:45 Elite Mangudai
56:42 Siege Engineers
57:55 Blast Furnace
60:51 Parthian Tactics
61:46 Thumb Ring
Behemoth
12:48 Feudal Age
14:21 Loom
14:23 Man-at-Arms
29:51 Castle Age
28:01 Horse Collar
28:09 Double-Bit Axe
29:27 Arson
30:30 Pikeman
31:49 Scale Mail Armor
32:38 Squires
32:23 Gambesons
42:48 Coinage
51:27 Imperial Age
57:53 Stone Mining
66:08 Halberdier
Lord Laggington
4:29 Loom
10:22 Feudal Age
10:30 Man-at-Arms
11:17 Double-Bit Axe
12:40 Town Watch
15:57 Scale Mail Armor
18:57 Horse Collar
19:45 Forging
22:02 Castle Age
22:02 Pikeman
22:43 Squires
24:55 Gold Mining
29:27 Long Swordsman
32:29 Town Patrol
36:45 Bow Saw
45:21 Imperial Age
43:58 Stone Mining
44:47 Gold Shaft Mining
45:07 Treadmill Crane
45:36 Chieftains
47:00 Conscription
46:06 Two-Handed Swordsman
47:10 Chain Mail Armor
47:32 Iron Casting
46:54 Arson
47:49 Capped Ram
47:59 Champion
49:36 Plate Mail Armor
50:41 Hoardings
51:38 Siege Ram
52:14 Elite Skirmisher
53:53 Fletching
54:04 Padded Archer Armor
55:02 Bodkin Arrow
58:42 Chemistry
novusb4
6:57 Loom
9:18 Feudal Age
10:13 Double-Bit Axe
11:38 Wheelbarrow
12:00 Horse Collar
21:30 Castle Age
21:15 Gold Mining
21:16 Stone Mining
21:41 Bloodlines
22:31 Scale Barding Armor
22:38 Forging
23:09 Gold Shaft Mining
22:47 Bow Saw
26:21 Chain Barding Armor
30:34 Iron Casting
35:06 Hand Cart
35:48 Heavy Plow
43:54 Imperial Age
44:47 Steppe Husbandry
46:04 Two-Man Saw
44:39 Elite Steppe Lancer
46:08 Crop Rotation
46:29 Conscription
49:12 Capped Ram
51:38 Siege Ram
55:49 Padded Archer Armor
56:25 Plate Barding Armor
55:41 Fletching
55:30 Light Cavalry
56:00 Sappers
56:56 Leather Archer Armor
57:45 Cuman Mercenaries
58:19 Bodkin Arrow
58:37 Elite Skirmisher
59:46 Parthian Tactics
60:23 Thumb Ring
59:47 Hussar
61:23 Ring Archer Armor
62:00 Ballistics
62:40 Chemistry
61:23 Elite Kipchak
Connection lost

Rejoining the realm…

Still unreachable

The connection could not be restored.

Session expired

The server has moved on; the page needs a fresh start.